 Dungeon Crawl Stone Soup version 0.28.0-61-g67df4f89a8 (webtiles) character file.

Game seed: 4376001965688076651

137280 cbfl8 the Severer (level 16, -1/160 HPs)
             Began as a Minotaur Berserker on Feb 16, 2023.
             Was a High Priest of Trog.
             Slain by a spark wasp (5 damage)
             ... on level 2 of the Spider Nest.
             The game lasted 00:48:17 (43065 turns).

cbfl8 the Severer (Minotaur Berserker)             Turns: 43065, Time: 00:48:19

Health: -1/160     AC: 33    Str: 31    XL:     16   Next: 68%
Magic:  15/15      EV: 12    Int:  4    God:    Trog [*****.]
Gold:   2272       SH:  0    Dex: 22    Spells: 15/15 levels left

rFire   + . .      SeeInvis .   r - +8 battleaxe of the Furious {flame, Fragile +Blink rC- Str+7}
rCold   x . .      Faith    .   (shield currently unavailable)
rNeg    . . .      Spirit   .   G - +1 plate armour {rF+}
rPois   .          Reflect  .   N - +2 hat
rElec   +          Harm     .   y - +0 cloak
rCorr   .          Rampage  .   x - +0 pair of gloves
Will    +....                   c - +2 pair of boots {Fly}
Stlth   ..........              n - amulet of regeneration
HPRegen 1.16/turn               F - ring of Tes Car {rElec AC+4}
MPRegen 0.14/turn               P - +6 ring of dexterity

@: on berserk cooldown, flying, slowed, very slow
A: horns 2, retaliatory headbutt
a: Renounce Religion, Evoke Blink, Berserk, Trog's Hand, Brothers in Arms


You were on level 2 of the Spider Nest.
You worshipped Trog.
Trog was extremely pleased with you.
You visited 4 branches of the dungeon, and saw 25 of its levels.
You also visited: Sewer, Gauntlet and Ice Cave.

You collected 2272 gold pieces.

Inventory:

Hand Weapons
 r - the +8 battleaxe of the Furious (weapon) {flame, Fragile +Blink rC- Str+7}
   (Trog gifted it to you on level 1 of the Spider Nest)

   It burns those it strikes, dealing additional fire damage.
   Big, fiery blades are also staple armaments of hydra-hunters.
   Str:       It affects your strength (+7).
   rC:        It makes you vulnerable to cold.
   +Blink:    It lets you blink.
   Fragile:   It will be destroyed if unequipped.
Missiles
 C - 2 throwing nets
Armour
 c - a +2 pair of boots of flying (worn)
 x - a +0 pair of gloves (worn)
 y - a +0 cloak (worn)
 G - a +1 plate armour of fire resistance (worn)
 M - a +1 kite shield of cold resistance
 N - a +2 hat (worn)
Jewellery
 n - an amulet of regeneration (around neck)
 t - an amulet of guardian spirit
 F - the ring of Tes Car (left hand) {rElec AC+4}
   (You found it in a Gauntlet)

   [ring of protection]

   AC:        It affects your AC (+4).
   rElec:     It insulates you from electricity.
 P - a +6 ring of dexterity (right hand)
Wands
 f - a wand of digging (16)
 o - a wand of mindburst (21)
 z - a wand of iceblast (12)
 H - a wand of polymorph (20)
 O - a wand of flame (3)
 W - a wand of paralysis (7) (quivered)
 X - a wand of charming (6)
Scrolls
 g - 3 scrolls of teleportation
 j - 2 scrolls of brand weapon
 m - 5 scrolls of noise
 q - 3 scrolls of magic mapping
 s - a scroll of silence
 u - a scroll of holy word
 v - 3 scrolls of enchant armour
 w - 2 scrolls of summoning {unknown}
 B - 3 scrolls of enchant weapon
 E - 3 scrolls of fear
 Q - 3 scrolls of fog
Potions
 a - 2 potions of resistance
 b - 3 potions of magic {unknown}
 e - 4 potions of heal wounds
 h - 4 potions of might
 i - a potion of berserk rage
 k - 2 potions of haste
 A - 4 potions of curing
 D - 3 potions of lignification {unknown}
 R - a potion of invisibility {unknown}
 T - 2 potions of mutation
Miscellaneous
 l - a condenser vane
 p - a tin of tremorstones (2/2)
 S - a lightning rod (4/4)
 U - a piece from Xom's chessboard (15/15)
 V - a condenser vane
 Y - a lightning rod (4/4)
 Z - a phial of floods


   Skills:
 * Level 19.1 Fighting
 * Level 20.4 Axes
 * Level 19.1 Armour
 + Level 5.2 Dodging
 + Level 3.1 Stealth
 + Level 8.4 Shields
 * Level 7.0 Evocations


You had 15 spell levels left.
You didn't know any spells.
Your spell library was empty.

Dungeon Overview and Level Annotations

Branches:
Dungeon (15/15)            Temple (0/1) D:6            Lair (6/6) D:10
 Shoals (0/4) Lair:3       Spider (2/4) Lair:3        Slime (0/5) Lair:5
    Orc (2/2) D:9             Elf (0/3) Orc:2        Vaults (0/5) D:13
 Depths (0/4) D:15          Sewer (visited)           IceCv (visited)
Gauntlet (visited)

Altars:
Fedhas
Kikubaaqudgha
Qazlal
Ru
Sif Muna
Trog
Xom
Beogh

Shops:
D:7 *   D:9 :[=(   Orc:2 *=(*(

Annotations:
D:13 3 runed translucent doors, cbfl8's ghost, journeyman MiBe
Lair:2 exclusion: 4 oklob plants
Lair:4 2 transporters, exclusion: oklob plant, tkbsonic5's ghost, journeyman DDFi
Lair:5 3 runed translucent doors, Dazliare's ghost, journeyman HOIE
Spider:2 Louise


Innate Abilities, Weirdness & Mutations

You have a pair of horns on your head.
You reflexively headbutt those who attack you in melee.


Message History

You hear an angry buzzing noise.
The orb spider begins to weave its threads into a brightly glowing ball.
A meliai comes into view. It is wielding a +0 war axe.
* * * LOW HITPOINT WARNING * * *
You feel very sick.
A meliai comes into view. It is wielding a +0 hand axe of venom.
Items here: ! ) [[ †.
You are too berserk!
You are too berserk!
Found a leather armour.
You feel a strong urge to attack something.
* * * LOW HITPOINT WARNING * * *
You feel very sick.
* * * LOW HITPOINT WARNING * * *
You feel very sick.
You feel your anger nearly subside.
* * * LOW HITPOINT WARNING * * *
You feel very sick.
The orb spider weaves a glowing orb of energy.
An orb of destruction comes into view.
You are no longer berserk.
You are exhausted.
You feel yourself slow down.
* * * LOW HITPOINT WARNING * * *
You feel very sick.
You feel better.
A spark wasp comes into view.
The orb of destruction hits a rock wall.
The orb spider begins to weave its threads into a brightly glowing ball.
Louise casts a spell at you. The bolt of lightning hits you! You resist.
* * * LOW HITPOINT WARNING * * *
Blink to where?
Press: ? - help, Dir - move target
As you read the scroll of blinking, it crumbles to dust.
The spark wasp buzzes angrily.
The spark wasp stings you.
* * * LOW HITPOINT WARNING * * *
The spark wasp shocks you. You resist.
You die...

## .# ###..# # ########
#.#..#..###..#...#
#.......#[#......#
#@y.[...#........# ..
####y..###.....#..# ...
#..#...#.#...^^^^^#
....#^.#.(...#...^#[#^.
##y.#..#..y§.#...^.>.^.
.......#..°###...^#.#^.
y......>°○...#...^^^^^.
##..s°.....###....###
#....).†.###.#....#


You could see a spark wasp and a meliai.

Vanquished Creatures
  Arachne (Spider:2)
  Jorgrun (D:14)
  Frances (D:12)
  Agnes (D:14)
  Donald (Spider:2)
  Roxanne (D:14)
  2 ghost moths (Spider:1)
  An orc warlord (Orc:2)
  A reaper (Gauntlet)
  Nessos (Lair:4)
  A minotaur (Gauntlet)
  An entropy weaver (Spider:1)
  A spark wasp (Spider:2)
  A dire elephant (Lair:6)
  An ettin (Orc:1)
  Snorg (Lair:3)
  Josephine (Orc:1)
  8 hydras
  9 boulder beetles
  4 ogre magi (Orc:2)
  2 jorogumos (Spider:1)
  19 two-headed ogres
  2 centaur warriors
  A radroach (Spider:1)
  A death knight (D:15)
  A catoblepas (Lair:5)
  A tengu warrior (D:13)
  Sonja (Orc:1)
  A pharaoh ant (Spider:1)
  3 orb spiders (Spider:2)
  7 skeletal warriors
  4 steelbarb worms
  A sun moth (Spider:1)
  A bog body (IceCv)
  A lindwurm (Lair:6)
  A wizard (D:15)
  Pikel (D:5)
  2 necromancers
  5 deep elf pyromancers
  5 cyclopes
  An orc sorcerer (Orc:1)
  6 manticores
  8 ugly things
  9 elephants
  A merfolk siren (Lair:3)
  Maurice (Orc:2)
  2 naga magi (D:15)
  2 ice statues (IceCv)
  5 black mambas
  A gargoyle (D:10)
  2 minotaur zombies (Gauntlet)
  12 komodo dragons
  13 cane toads
  5 kobold demonologists
  Psyche (D:10)
  A demonic crawler (Spider:1)
  3 rime drakes (Lair:2)
  A freezing wraith (D:15)
  An entropy weaver simulacrum (IceCv)
  5 anaconda simulacra (IceCv)
  A tengu conjurer (D:13)
  A hellwing (Gauntlet)
  7 trolls
  7 ice devils
  7 hornets
  5 tarantellas
  5 meliai
  Prince Ribbit (D:6)
  2 polar bears (Lair:6)
  12 slime creatures
  13 dream sheep
  5 shadows
  3 centaur simulacra
  13 spriggans (Lair:6)
  2 vampires (D:13)
  17 culicivoras
  24 jumping spiders
  8 wyverns
  7 wraiths
  3 dire elephant simulacra (IceCv)
  49 yaks
  3 basilisks
  25 redbacks
  3 death yak simulacra (D:13)
  A harpy simulacrum (IceCv)
  7 vampire mosquitoes
  A warg (Orc:1)
  A swamp worm (shapeshifter) (D:13)
  An acid dragon (D:11)
  Duvessa (D:6)
  16 water moccasins
  A hornet zombie (D:7)
  21 orc warriors
  A sky beast (D:7)
  23 ogres
  A necrophage (D:6)
  An ice beast (D:5)
  5 black bears (Lair:6)
  38 wolves
  3 boggarts (Lair:6)
  3 centaurs (D:12)
  2 lemures (D:5)
  A phantom (D:7)
  4 kobold brigands
  A wyvern zombie (D:4)
  A gnoll sergeant (D:10)
  2 scorpions (D:4)
  8 bullfrogs
  A cane toad simulacrum (IceCv)
  A water moccasin skeleton (D:7)
  Dowan (D:6)
  An elephant simulacrum (IceCv)
  9 killer bees
  3 wights (D:9)
  3 howler monkeys
  17 orc priests
  9 centaur zombies
  3 jellies
  A bullfrog skeleton (D:5)
  2 gnoll shamans
  2 hounds
  Natasha (thrice) (D:2)
  3 centaur skeletons
  4 iguanas
  17 orc wizards
  A polar bear simulacrum (IceCv)
  A hell rat (Sewer)
  A troll simulacrum (D:13)
  A killer bee zombie (D:3)
  3 spriggan simulacra
  A wolf simulacrum (D:13)
  2 hound skeletons (D:4)
  A howler monkey zombie (D:10)
  11 gnolls
  A howler monkey skeleton (D:7)
  2 river rats (Sewer)
  6 adders
  3 naga simulacra
  2 shadow imps
  6 white imps
  2 ufetubi
  An adder skeleton (D:5)
  4 worms
  A dart slug (D:1)
  68 orcs
  3 endoplasms
  5 giant cockroaches
  7 goblins
  5 hobgoblins
  24 kobolds
  8 quokkas
  3 ball pythons
  9 bats
  3 frilled lizards
  6 rats
817 creatures vanquished.

Vanquished Creatures (others)
  A centaur warrior (D:14)
  A wolf (Lair:6)
  2 bushes (D:10)
  54 fungi
  45 plants
103 creatures vanquished.

Grand Total: 920 creatures vanquished

Notes
Turn   | Place    | Note
-------+----------+-------------------------------------------
     0 | D:1      | cbfl8 the Minotaur Berserker began the quest for the Orb.
     0 | D:1      | Reached XP level 1. HP: 19/19 MP: 0/0
   303 | D:1      | Found a faded altar of an unknown god.
   322 | D:1      | Reached XP level 2. HP: 25/27 MP: 1/1
   360 | D:1      | Reached skill level 4 in Axes
   629 | D:1      | Reached ** piety under Trog
   631 | D:1      | Reached XP level 3. HP: 24/33 MP: 2/2
   964 | D:2      | Noticed Natasha
   973 | D:2      | Killed Natasha
  1576 | D:2      | Reached XP level 4. HP: 32/41 MP: 3/3
  1704 | D:2      | Found a shimmering blue altar of Sif Muna.
  1903 | D:2      | Noticed Natasha
  1913 | D:2      | Killed Natasha
  1914 | D:2      | Reached skill level 5 in Axes
  2358 | D:2      | Noticed Natasha
  2362 | D:2      | Killed Natasha
  2363 | D:2      | Reached XP level 5. HP: 38/47 MP: 4/4
  3258 | D:3      | Found a glowing drain.
  3277 | Sewer    | Entered a sewer
  3760 | Sewer    | Reached skill level 5 in Fighting
  4599 | D:4      | Reached skill level 6 in Axes
  4599 | D:4      | Reached XP level 6. HP: 8/56 MP: 5/5
  5300 | D:4      | Identified the +9 hand axe of Calidan {flame, rC+ Dex+3}
  5551 | D:4      | Reached *** piety under Trog
  5603 | D:4      | Reached XP level 7. HP: 35/61 MP: 6/6
  5613 | D:4      | Reached skill level 5 in Armour
  6137 | D:4      | Reached skill level 7 in Axes
  6551 | D:5      | Entered Level 5 of the Dungeon
  6820 | D:5      | Noticed Pikel
  6830 | D:5      | Killed Pikel
  6831 | D:5      | Reached skill level 8 in Axes
  6831 | D:5      | Reached XP level 8. HP: 26/71 MP: 7/7
  6838 | D:5      | Reached skill level 9 in Axes
  7538 | D:6      | Noticed Duvessa
  7539 | D:6      | Noticed Dowan
  7548 | D:6      | Killed Duvessa
  7549 | D:6      | Killed Dowan
  7966 | D:6      | Found a staircase to the Ecumenical Temple.
  8031 | D:6      | Found a sacrificial altar of Ru.
  8093 | D:6      | Reached XP level 9. HP: 65/79 MP: 8/8
  8529 | D:6      | Noticed Prince Ribbit
  8533 | D:6      | Killed Prince Ribbit
  8534 | D:6      | Reached skill level 10 in Axes
  8534 | D:6      | Reached skill level 1 in Stealth
  9300 | D:7      | Found Gytawn's Mayhem Merchandise.
  9865 | D:7      | Reached skill level 11 in Axes
 10129 | D:7      | Reached **** piety under Trog
 10656 | D:8      | Reached skill level 10 in Armour
 10881 | D:8      | Reached XP level 10. HP: 90/90 MP: 9/9
 10911 | D:8      | Found an ancient bone altar of Kikubaaqudgha.
 11607 | D:9      | Noticed a cyclops
 11615 | D:9      | Killed a cyclops
 11616 | D:9      | Reached skill level 12 in Axes
 11840 | D:9      | Found Egois's Jewellery Shoppe.
 11879 | D:9      | Paralysed by a hornet for 2 turns
 12074 | D:9      | Found a staircase to the Orcish Mines.
 12075 | D:9      | Found Namaetzaun's Weapon Shoppe.
 12082 | D:9      | Found Xaeschoti's Armour Shoppe.
 12443 | D:9      | Found Ciora's Antique Armour Boutique.
 12583 | D:9      | Found Macwet's Book Boutique.
 12665 | D:9      | Identified the +11 war axe "Racih" {antimagic, rElec
                  | Stlth+}
 12685 | D:10     | Entered Level 10 of the Dungeon
 12931 | D:10     | Found a staircase to the Lair.
 12940 | D:10     | Noticed an orange demon
 12954 | D:10     | Reached skill level 13 in Axes
 12956 | D:10     | Reached ***** piety under Trog
 12990 | D:10     | Reached skill level 10 in Fighting
 12990 | D:10     | Reached XP level 11. HP: 45/99 MP: 3/10
 13372 | D:10     | Noticed Psyche
 13379 | D:10     | Killed Psyche
 13625 | D:10     | Noticed a two-headed ogre
 13635 | D:10     | Killed a two-headed ogre
 13636 | D:10     | Reached skill level 14 in Axes
 13740 | D:10     | Found a blossoming altar of Fedhas.
 13909 | D:10     | Found a stormy altar of Qazlal.
 13928 | D:10     | Identified the +3 leather armour "Meot Ana" {Int+2}
 14949 | D:11     | Noticed a boulder beetle
 14970 | D:11     | Killed a boulder beetle
 15328 | D:11     | Noticed a two-headed ogre
 15334 | D:11     | Killed a two-headed ogre
 15335 | D:11     | Reached skill level 15 in Axes
 15619 | D:11     | You fall into a shaft and drop 1 floor!
 15954 | D:12     | Noticed Frances
 15968 | D:12     | Killed Frances
 16157 | D:12     | Reached XP level 12. HP: 108/110 MP: 3/11
 16173 | D:12     | Noticed a centaur warrior
 16186 | D:12     | Killed a centaur warrior
 17057 | D:12     | Noticed a two-headed ogre
 17063 | D:12     | Killed a two-headed ogre
 17562 | D:13     | Received a gift from Trog
 17593 | D:13     | Reached skill level 16 in Axes
 17711 | D:13     | Noticed a tengu warrior
 17771 | D:13     | Found a frozen archway.
 17802 | IceCv    | Entered an ice cave
 18457 | IceCv    | Reached skill level 15 in Armour
 18471 | IceCv    | HP: 3/113 [entropy weaver simulacrum (36)]
 19639 | IceCv    | Reached XP level 13. HP: 122/122 MP: 4/12
 20037 | D:13     | Found a runed translucent gate.
 20037 | D:13     | Found a runed translucent gate.
 20037 | D:13     | Found a runed translucent gate.
 20038 | D:13     | Noticed cbfl8's ghost (journeyman MiBe)
 20145 | D:13     | Reached skill level 1 in Evocations
 20267 | D:13     | Reached skill level 17 in Axes
 20744 | D:13     | Found a gate to the Vaults.
 21036 | D:14     | Noticed Agnes
 21047 | D:14     | Killed Agnes
 21048 | D:14     | Reached skill level 1 in Shields
 21653 | D:14     | Found a shimmering altar of Xom.
 21864 | D:14     | Identified Roxanne's Papyrus of Transmigration
 21864 | D:14     | Noticed Roxanne
 21886 | D:14     | Killed Roxanne
 21942 | D:14     | Noticed Jorgrun
 21966 | D:14     | Killed Jorgrun
 22733 | D:15     | Entered Level 15 of the Dungeon
 23382 | D:15     | Reached XP level 14. HP: 73/133 MP: 4/13
 23901 | D:15     | Received a gift from Trog
 25154 | D:15     | Reached skill level 15 in Fighting
 25496 | D:15     | Found a staircase to the Depths.
 25648 | Lair:1   | Entered Level 1 of the Lair of Beasts
 26192 | Lair:1   | Identified the +9 short sword of Sharkskin {freeze, *Noise
                  | rPois rF+++ rN+}
 26805 | Lair:2   | Reached skill level 18 in Axes
 27159 | Lair:2   | Identified the +2 mace of Conservatism {spect, Fragile rC+
                  | Str+3}
 27340 | Lair:2   | Reached skill level 5 in Shields
 28616 | Lair:3   | Noticed Snorg
 28633 | Lair:3   | Killed Snorg
 29638 | Lair:3   | Found a hole to the Spider Nest.
 29915 | Lair:3   | Found a staircase to the Shoals.
 30232 | Lair:4   | Found a transporter.
 30233 | Lair:4   | Found a transporter.
 30394 | Lair:4   | Noticed Nessos
 30415 | Lair:4   | Killed Nessos
 30560 | Lair:4   | Noticed tkbsonic5's ghost (journeyman DDFi)
 31718 | Lair:4   | Found a bloodstained altar of Trog.
 31751 | Lair:5   | Found a runed translucent gate.
 31751 | Lair:5   | Found a runed translucent gate.
 31751 | Lair:5   | Found a runed translucent gate.
 32147 | Lair:5   | Reached skill level 5 in Evocations
 32379 | Lair:5   | Found a staircase to the Slime Pits.
 32441 | Lair:5   | Noticed Dazliare's ghost (journeyman HOIE)
 32843 | Lair:6   | Entered Level 6 of the Lair of Beasts
 32852 | Lair:6   | Reached XP level 15. HP: 141/144 MP: 4/14
 32861 | Lair:6   | Received a gift from Trog
 35300 | Lair:6   | Reached skill level 5 in Dodging
 35509 | Lair:6   | Reached skill level 19 in Axes
 35986 | Orc:1    | Entered Level 1 of the Orcish Mines
 35986 | Orc:1    | Noticed Sonja
 35992 | Orc:1    | Noticed Josephine
 35993 | Orc:1    | Received a gift from Trog
 36004 | Orc:1    | Killed Sonja
 36005 | Orc:1    | Killed Josephine
 36537 | Orc:2    | Entered Level 2 of the Orcish Mines
 36537 | Orc:2    | Found a staircase to the Elven Halls.
 36652 | Orc:2    | Found Tireb's Weapon Shop.
 36790 | Orc:2    | Found a gate leading to a gauntlet.
 36807 | Gauntlet | Entered a Gauntlet
 36807 | Gauntlet | Found a transporter.
 36807 | Gauntlet | Found a transporter.
 36812 | Gauntlet | Found a transporter.
 36827 | Gauntlet | Found a transporter.
 36843 | Gauntlet | Found a transporter.
 36856 | Gauntlet | Found a transporter.
 36930 | Gauntlet | Found a transporter.
 36945 | Gauntlet | Found a transporter.
 36966 | Gauntlet | Found a transporter.
 36974 | Gauntlet | Found a transporter.
 37049 | Gauntlet | Found a transporter.
 37059 | Gauntlet | Found a transporter.
 37069 | Gauntlet | Found a transporter.
 37069 | Gauntlet | Found a transporter.
 37091 | Gauntlet | Found a transporter.
 37103 | Gauntlet | Found a transporter.
 37785 | Gauntlet | Reached ****** piety under Trog
 38081 | Gauntlet | Identified the +6 double sword "Laomu" {drain, MP+9 Stlth+}
 38099 | Gauntlet | Identified the ring of Tes Car {rElec AC+4}
 38357 | Orc:2    | Received a gift from Trog
 38371 | Orc:2    | Found Ycusto's General Store.
 38371 | Orc:2    | Found Rielut's Jewellery Boutique.
 38371 | Orc:2    | Found Baprugall's Weapon Boutique.
 38371 | Orc:2    | Found Hyjereu's Assorted Antiques.
 38383 | Orc:2    | Paralysed by an ogre mage for 3 turns
 38814 | Orc:2    | Noticed Maurice
 38814 | Orc:2    | Noticed an orc warlord
 38829 | Orc:2    | Killed an orc warlord
 38830 | Orc:2    | Reached XP level 16. HP: 157/157 MP: 5/15
 38832 | Orc:2    | Killed Maurice
 39661 | Spider:1 | Entered Level 1 of the Spider Nest
 39906 | Spider:1 | Identified the +8 battleaxe of the Furious {flame, Fragile
                  | +Blink rC- Str+7} (Trog gifted it to you on level 1 of the
                  | Spider Nest)
 39906 | Spider:1 | Received a gift from Trog
 40876 | Spider:1 | Paralysed by a jorogumo for 2 turns
 41653 | Spider:1 | Reached skill level 20 in Axes
 42370 | Spider:2 | Noticed Arachne
 42379 | Spider:2 | Killed Arachne
 42474 | Spider:2 | Received a gift from Trog
 43034 | Spider:2 | Noticed Louise
 43037 | Spider:2 | Noticed Donald
 43058 | Spider:2 | Killed Donald
 43062 | Spider:2 | HP: 11/240 [poisoned by Donald]
 43063 | Spider:2 | HP: 4/160 [poisoned by Donald]
 43065 | Spider:2 | Slain by a spark wasp

Illustrated notes

Levels and vault maps discovered:
D:1:      dpeg_arrival_boxorama, layout_basic, ebering_ecumenical_altar_webs,
          minmay_misc_feat_nine_boxes
D:2:      layout_basic, basic_altar, minivault_27, minmay_tetromino_t2,
          uniq_natasha
D:3:      layout_loops_corners, cheibrodos_sewer_entry_drain
D:4:      layout_loops_ring, minmay_ruptured
D:5:      layout_cave_pools, minmay_quadrilaterals, uniq_pikel
D:6:      layout_basic, hangedman_ru_absence, temple_pool_b, minmay_between,
          uniq_duvessa, uniq_prince_ribbit1
D:7:      layout_basic, minmay_shop_mayhem, hangedman_decor_lopped,
          grunt_ministairs_15
D:8:      layout_loops_ring, nicolae_overflow_hidden_temple, serial_bayou_pond_c
D:9:      layout_loops_ring, orc_david_3, serial_shops,
          nicolae_shop_advertising_works [nicolae_subvault_shop_adworks], shop,
          shop, kennysheep_decorative_pillar
D:10:     layout_roguey, mainiacjoe_overflow_six_doors_small,
          nicolae_qazlal_scattered_showers, minmay_lair_entry_grove, uniq_psyche
D:11:     layout_stronghold, minivault_25, minivault_26
D:12:     layout_small_grid, uniq_frances
D:13:     layout_cave_pools, david_vaults_1, gammafunk_ghost_spectres,
          portal_ice_cave_entry_ice_simulacra, kennysheep_opposing_triangles
D:14:     layout_cave_pools, minmay_misc_feat_iff, xom_confusion_cloud,
          uniq_agnes, uniq_roxanne, uniq_jorgrun
D:15:     grunt_enter_depths_magical_seal, layout_cave_pods
Lair:1:   layout_gridlike
Lair:2:   dpeg_oklob_gauntlet, layout_regular_city, grunt_megastairs_5,
          infiniplex_staircase_pool, serial_bayou_shore_a
Lair:3:   layout_misc_corridors, minmay_shoals_entry_lonely_mermaid,
          nicolae_spider_entry_tight_spaces, minivault_26, uniq_snorg
Lair:4:   layout_concentric_octagons, gammafunk_ghost_wrathful_warriors,
          minmay_lair_oklob_items, minmay_lindwurm_lava, uniq_nessos
Lair:5:   layout_roguey, dpeg_slime_entry_corner, gammafunk_ghost_icy
Lair:6:   minmay_lair_end_enchanted_forest, layout_regular_city,
          lookout_lair_type, grunt_megastairs_1
Spider:1: nicolae_spider_hilbert_zone_4 [nicolae_spider_hilbert_4_sides_2_open,
          nicolae_spider_hilbert_4_sides_1_open,
          nicolae_spider_hilbert_4_sides_1_open,
          nicolae_spider_hilbert_4_sides_1_open,
          nicolae_spider_hilbert_4_sides_1_open,
          nicolae_spider_hilbert_2_sides_1_open,
          nicolae_spider_hilbert_2_sides_1_open,
          nicolae_spider_hilbert_2_sides_1_open,
          nicolae_spider_hilbert_2_sides_1_open,
          nicolae_spider_hilbert_6_sides_1_open,
          nicolae_spider_hilbert_6_sides_1_open,
          nicolae_spider_hilbert_3_sides_1_open,
          nicolae_spider_hilbert_3_sides_1_open]
Spider:2: spiders_nest_scorpion_pit, nicolae_spider_webbed_stairs, uniq_arachne,
          uniq_donald, uniq_louise
Orc:1:    layout_caves, uniq_josephine, uniq_sonja
Orc:2:    st_orc_ogre_mass, layout_caves, serial_shops, shop,
          gauntlet_entry_generic, basic_altar, uniq_maurice

Skill      XL: |  1  2  3  4  5  6  7  8  9 10 11 12 13 14 15 16 |
---------------+-------------------------------------------------+-----
Fighting       | 4 5 6 7 8 10 11 13 14 16 18 19 | 19.1
Axes           | 4 5 6 8 9 11 13 15 16 17 18 19 20 | 20.4
Dodging        | 3 4 5 |  5.2
Armour         | 4 7 8 10 11 13 15 16 17 18 19 | 19.1
Stealth        | 1 2 3 |  3.1
Evocations     | 3 5 6 7 |  7.0
Shields        | 4 6 8 |  8.4

Action                   |  1- 3 |  4- 6 |  7- 9 | 10-12 | 13-15 | 16-18 || total
-------------------------+-------+-------+-------+-------+-------+-------++-------
Melee: Hand axe          |    17 |       |   202 |    65 |       |       ||   284
       War axe           |    45 |   133 |    23 |   385 |  1056 |    64 ||  1706
       Headbutt          |     6 |    16 |    35 |    98 |   285 |    58 ||   498
       Punch             |       |     3 |     1 |     3 |       |       ||     7
       Battleaxe         |       |       |       |       |       |   200 ||   200
Invok: Berserk           |     1 |     1 |     3 |     8 |    19 |     4 ||    36
Evoke: Wand              |       |       |       |     7 |     6 |       ||    13
  Use: Scroll            |       |     3 |     4 |     6 |    18 |     3 ||    34
       Potion            |       |       |       |     5 |     2 |     1 ||     8
 Stab: Paralysed         |       |       |       |     3 |     5 |       ||     8
       Petrified         |       |       |       |       |     1 |       ||     1
Armor: Animal skin       |    19 |       |       |       |       |       ||    19
       Ring mail         |     7 |    17 |       |       |       |       ||    24
       Chain mail        |       |    43 |    94 |     4 |       |       ||   141
       Plate armour      |       |       |       |   197 |   657 |   165 ||  1019
Dodge: Dodged            |    50 |    64 |    73 |   217 |   418 |   109 ||   931
Block: Kite shield       |       |       |       |       |   613 |    42 ||   655
